 Dungeon Crawl Stone Soup version 0.29.0-4-gdea44cf6ec (webtiles) character file.

Game seed: 1311964779186443285

22655 qw the Brawler (level 12, 0/118 HPs)
             Began as a Troll Cinder Acolyte on Sept 2, 2022.
             Was an Elder of Okawaru.
             Slain by a fire elemental (2 damage)
             ... created by the fiery vengeance of Ignis
             ... on level 2 of the Lair of Beasts.
             The game lasted 00:06:30 (11952 turns).

qw the Brawler (Troll Cinder Acolyte)              Turns: 11952, Time: 00:06:31

Health: 0/118      AC: 19    Str: 29    XL:     12   Next: 64%
Magic:  13/14      EV: 14    Int: 10    God:    Okawaru [****..]
Gold:   341        SH:  0    Dex:  5    Spells: 13/13 levels left

rFire   . . .      SeeInvis .     - Unarmed
rCold   . . .      Faith    .   (no shield)
rNeg    . . .      Spirit   .   b - +0 swamp dragon scales
rPois   +          Reflect  .   j - +2 hat {Stlth+}
rElec   .          Harm     .   d - +0 cloak
rCorr   .          Rampage  .   (gloves unavailable)
Will    .....                   (boots unavailable)
Stlth   +++.......              l - amulet of the acrobat
HPRegen 1.09/turn               g - +4 ring of protection
MPRegen 0.14/turn               n - +4 ring of evasion

@: heroic, fire susceptible
A: large, unfitting armour, claws 3, regeneration 1, shaggy fur 1, tough skin 1
a: Renounce Religion, Heroism, Finesse


You were on level 2 of the Lair of Beasts.
You worshipped Okawaru.
Okawaru was greatly pleased with you.
You visited 3 branches of the dungeon, and saw 15 of its levels.

You collected 641 gold pieces.
You spent 300 gold pieces at shops.


Innate Abilities, Weirdness & Mutations

You are too large for most types of armour.
You have claws for hands.
Your natural rate of healing is unusually fast.
You are covered in fur. (AC +1)
You have tough skin. (AC +1)


   Skills:
 - Level 7.2(12.2) Fighting
 - Level 6.0(11.0) Throwing
 - Level 3.9(8.9) Armour
 + Level 1.9(6.9) Dodging
 - Level 17.0(22.0) Unarmed Combat
 - Level 1.0 Spellcasting
 - Level 2.1 Fire Magic
 + Level 5.0 Invocations


You had 13 spell levels left.
You didn't know any spells.
Your spell library contained the following spells:

 Spells                   Type           Power      Damage    Failure   Level
 Scorch                   Fire           8%         2d5       28%         2

Inventory:

Missiles
 a - 11 boomerangs (quivered)
Armour
 b - +0 swamp dragon scales (worn)
 d - a +0 cloak (worn)
 j - a +2 hat of stealth (worn)
Jewellery
 c - a ring of fire
 g - a +4 ring of protection (left claw)
 l - an amulet of the acrobat (around neck)
 n - a +4 ring of evasion (right claw)
 Y - a ring of protection from fire
Scrolls
 f - 3 scrolls of identify
 o - a scroll of enchant weapon
Potions
 e - 2 potions of mutation
 h - a potion of resistance
 i - 2 potions of haste
 k - a potion of curing

Dungeon Overview and Level Annotations

Branches:
Dungeon (11/15)            Temple (1/1) D:7            Lair (3/5) D:11
 Shoals (0/4) Lair:2
  Snake: Lair:2-3    Spider: Lair:2-3       Orc: D:9-12

Altars:
Ashenzari
Cheibriados
Dithmenos
Elyvilon
Fedhas
Gozag
Kikubaaqudgha
Makhleb
Nemelex Xobeh
Okawaru
Qazlal
Ru
Trog
Uskayaw
Vehumet
Wu Jian
Xom
Zin
The Shining One

Shops:
D:8 ::*


Message History

The fire elemental hits you. The fire elemental burns you!
The fire elemental hits you. The fire elemental burns you!
The fire elemental hits you. The fire elemental burns you!
The fire elemental barely misses you. The fire elemental closely misses you.
11945 ||| DRINKING 2 potions of heal wounds.
You feel much better.
The fire elemental completely misses you.
The fire elemental misses you. The fire elemental hits you.
The fire elemental burns you!
You barely miss the fire elemental. Your claw misses the fire elemental.
The fire elemental is severely damaged.
The fire elemental hits you. The fire elemental burns you!
The fire elemental hits you. The fire elemental burns you!
The fire elemental hits you. The fire elemental burns you!
You barely miss the fire elemental.
The fire elemental is severely damaged.
The fire elemental misses you. The fire elemental barely misses you.
You barely miss the fire elemental.
The fire elemental is severely damaged.
The fire elemental hits you. The fire elemental burns you!
11949 ||| DRINKING potion of heal wounds.
You feel much better. The fire elemental hits you.
The fire elemental burns you! The fire elemental hits you.
The fire elemental burns you! The fire elemental misses you.
The fire elemental closely misses you. The fire elemental hits you.
The fire elemental burns you!
You closely miss the fire elemental.
The fire elemental is severely damaged.
The fire elemental closely misses you.
You closely miss the fire elemental.
The fire elemental is severely damaged.
The fire elemental hits you. The fire elemental burns you!
The fire elemental hits you. The fire elemental burns you!
The fire elemental hits you. The fire elemental burns you!
You closely miss the fire elemental.
The fire elemental is severely damaged.
The fire elemental hits you. The fire elemental burns you!
The fire elemental hits you. The fire elemental burns you!
The fire elemental hits you. The fire elemental burns you!
You die...

### ######### #.#
####..#P##.#####.#
#@E..........)....
#EE.#.##P###......
##.>..##### ##.....
#..%.#########.....
##%...##...#.#...#.
#......#....##....#
##....##...###....#
##..........##.....
#....###.....'...#.


You could see 3 fire elementals.

Vanquished Creatures
  Gastronok (Lair:2)
  Erica (D:8)
  2 hydras (Lair:2)
  4 two-headed ogres
  A cyclops (D:11)
  6 elephants (Lair:2)
  3 black mambas
  Maggie (D:8)
  2 cane toads
  7 komodo dragons
  3 trolls
  A polar bear (Lair:1)
  9 blink frogs
  Grinder (D:5)
  A vampire (D:10)
  4 wyverns
  5 wraiths
  2 basilisks
  8 fire elementals (Lair:1)
  2 steam dragons
  2 nagas (Lair:3)
  Menkaure (D:4)
  2 acid dragons
  5 water moccasins
  6 orc warriors
  5 black bears
  2 ogres
  10 wolves (Lair:2)
  2 centaurs
  A kobold brigand (D:5)
  2 phantoms (D:5)
  2 gnoll sergeants
  8 bullfrogs
  A scorpion (D:5)
  2 necrophages
  17 killer bees
  An electric eel (D:8)
  4 howler monkeys
  3 hounds
  10 orc priests
  Crazy Yiuf (D:4)
  2 jellies
  Jessica (D:3)
  2 gnoll boudas
  Natasha (thrice) (D:3)
  2 iguanas
  12 orc wizards
  6 hell rats (Lair:1)
  9 adders
  23 gnolls
  A shadow imp (D:6)
  A white imp (D:8)
  An ufetubus (D:6)
  A worm (D:2)
  A dart slug (D:2)
  47 orcs
  7 endoplasms
  3 giant cockroaches
  6 goblins
  5 hobgoblins
  7 jackals (D:1)
  2 quokkas
  8 ball pythons
  A bat (D:2)
  4 frilled lizards
  9 kobolds
  5 rats
320 creatures vanquished.

Vanquished Creatures (others)
  A centaur (D:5)
  3 fungi
  8 plants
12 creatures vanquished.

Grand Total: 332 creatures vanquished

Notes
Turn   | Place    | Note
-------+----------+-------------------------------------------
     0 | D:1      | qw the Troll Cinder Acolyte began the quest for the Orb.
     0 | D:1      | Reached XP level 1. HP: 22/22 MP: 1/1
     0 | D:1      | 0 ||| qw: Version: 0.1-a-97-g2dd2ca4
     0 | D:1      | 0 ||| qw: Game counter: 4987
     0 | D:1      | 0 ||| qw: Always use a shield: true
     0 | D:1      | 0 ||| qw: God list: Okawaru
     0 | D:1      | 0 ||| qw: Allow faded altars: false
     0 | D:1      | 0 ||| qw: Do Orc after D:15 true
     0 | D:1      | 0 ||| qw: Do second Lair branch before Depths: true
     0 | D:1      | 0 ||| qw: Lair rune preference: random
     0 | D:1      | 0 ||| qw: Plans: Normal
     0 | D:1      | 0 ||| PLANNING D:1-11
   107 | D:1      | 107 ||| Stepping ~*~*~tactically~*~*~ (stealth).
   108 | D:1      | 108 ||| Stepping ~*~*~tactically~*~*~ (stealth).
   115 | D:1      | 115 ||| Stepping ~*~*~tactically~*~*~ (outnumbered).
   125 | D:1      | Reached XP level 2. HP: 27/29 MP: 2/2
   394 | D:1      | 394 ||| Stepping ~*~*~tactically~*~*~ (stealth).
   400 | D:1      | Reached skill level 4 in Unarmed Combat
   404 | D:1      | 404 ||| Stepping ~*~*~tactically~*~*~ (outnumbered).
   410 | D:1      | 410 ||| INVOKING Fiery Armour.
   501 | D:1      | Found a faded altar of an unknown god.
   505 | D:1      | Reached XP level 3. HP: 36/36 MP: 3/3
   756 | D:1      | 756 ||| DROPPING orb of mayhem.
   757 | D:1      | 757 ||| READING scroll labelled FOARPH USUDO.
   758 | D:1      | 758 ||| READING scroll labelled MUPPUJ BIEME.
   763 | D:1      | 763 ||| READING 2 scrolls labelled HOSY ACSOAQU.
   764 | D:1      | 764 ||| READING scroll labelled XOEMUVYVIC.
   843 | D:2      | 843 ||| Stepping ~*~*~tactically~*~*~ (hiding).
  1502 | D:2      | 1502 ||| READING scroll labelled RUBBOA JAZEC.
  1503 | D:2      | 1503 ||| READING scroll labelled XAMYIW ORARULE.
  1504 | D:2      | 1504 ||| READING 3 scrolls of identify.
  1504 | D:2      | 1504 ||| IDENTIFYING cyan potion
  1505 | D:2      | 1505 ||| READING 2 scrolls of identify.
  1505 | D:2      | 1505 ||| IDENTIFYING gluggy clear potion
  1506 | D:2      | 1506 ||| DROPPING potion of ambrosia.
  1507 | D:2      | 1507 ||| Stepping randomly (stuck).
  1508 | D:2      | 1508 ||| Stepping ~*~*~tactically~*~*~ (cloud).
  1607 | D:3      | Reached XP level 4. HP: 44/44 MP: 4/4
  1617 | D:3      | 1617 ||| Stepping ~*~*~tactically~*~*~ (stealth).
  1619 | D:3      | Reached skill level 5 in Unarmed Combat
  1672 | D:3      | 1672 ||| INVOKING Fiery Armour.
  1690 | D:3      | Reached XP level 5. HP: 17/50 MP: 5/5
  1769 | D:3      | Noticed Jessica
  1771 | D:3      | Noticed Natasha
  1773 | D:3      | Killed Jessica
  1774 | D:3      | Reached skill level 6 in Unarmed Combat
  1775 | D:3      | Killed Natasha
  1852 | D:3      | 1852 ||| Stepping ~*~*~tactically~*~*~ (outnumbered).
  1853 | D:3      | 1853 ||| Stepping ~*~*~tactically~*~*~ (outnumbered).
  1854 | D:3      | 1854 ||| Stepping ~*~*~tactically~*~*~ (outnumbered).
  1855 | D:3      | 1855 ||| Stepping ~*~*~tactically~*~*~ (outnumbered).
  1864 | D:3      | 1864 ||| Stepping ~*~*~tactically~*~*~ (outnumbered).
  1870 | D:3      | 1870 ||| INVOKING Fiery Armour.
  1916 | D:3      | Noticed an ogre
  1924 | D:3      | 1924 ||| Stepping ~*~*~tactically~*~*~ (stealth).
  1926 | D:3      | 1926 ||| Stepping ~*~*~tactically~*~*~ (stealth).
  1927 | D:3      | Killed an ogre
  1928 | D:3      | Reached skill level 7 in Unarmed Combat
  1928 | D:3      | Reached XP level 6. HP: 44/59 MP: 6/6
  1938 | D:3      | 1938 ||| Stepping ~*~*~tactically~*~*~ (stealth).
  2254 | D:3      | Noticed Natasha
  2262 | D:3      | Killed Natasha
  2297 | D:3      | Noticed Natasha
  2298 | D:3      | 2298 ||| Stepping ~*~*~tactically~*~*~ (hiding).
  2307 | D:3      | Killed Natasha
  2347 | D:3      | 2347 ||| UPGRADING to +0 cloak.
  2352 | D:3      | 2352 ||| READING scroll labelled LOECOU BUEVOGG.
  2453 | D:3      | 2453 ||| READING scroll labelled NOAR UHUZONTYN.
  2454 | D:3      | 2454 ||| DRINKING 2 amethyst potions.
  2455 | D:3      | 2455 ||| READING 3 scrolls of identify.
  2455 | D:3      | 2455 ||| IDENTIFYING fizzy blue potion
  2456 | D:3      | 2456 ||| READING 2 scrolls of identify.
  2456 | D:3      | 2456 ||| IDENTIFYING fuming purple potion
  2457 | D:3      | 2457 ||| DROPPING potion of brilliance.
  2479 | D:4      | 2479 ||| STAIRDANCE
  2594 | D:4      | Noticed Menkaure
  2595 | D:4      | 2595 ||| Stepping ~*~*~tactically~*~*~ (stealth).
  2601 | D:4      | 2601 ||| Stepping ~*~*~tactically~*~*~ (stealth).
  2603 | D:4      | 2603 ||| Stepping ~*~*~tactically~*~*~ (hiding).
  2613 | D:4      | 2613 ||| INVOKING Fiery Armour.
  2613 | D:4      | HP: 11/59 [??? (8)]
  2614 | D:4      | 2614 ||| DRINKING potion of heal wounds.
  2615 | D:4      | Killed Menkaure
  2616 | D:4      | Reached skill level 8 in Unarmed Combat
  2616 | D:4      | Reached XP level 7. HP: 35/66 MP: 7/7
  2711 | D:4      | Found a runed translucent door.
  2712 | D:4      | Noticed Crazy Yiuf
  2802 | D:4      | Noticed a wyvern
  2810 | D:4      | 2810 ||| INVOKING Fiery Armour.
  2812 | D:4      | HP: 16/66 [wyvern (12)]
  2814 | D:4      | Killed a wyvern
  2815 | D:4      | Reached skill level 3 in Fighting
  2815 | D:4      | 2815 ||| STAIRDANCE
  2864 | D:3      | 2864 ||| READING scroll labelled WASOBI VAUGH.
  2865 | D:3      | 2865 ||| READING scroll labelled SANAUD IWOMP.
  3323 | D:4      | 3323 ||| Stepping randomly (stuck).
  3325 | D:4      | Killed Crazy Yiuf
  3355 | D:5      | Entered Level 5 of the Dungeon
  3381 | D:5      | Reached skill level 9 in Unarmed Combat
  3410 | D:5      | 3410 ||| Stepping ~*~*~tactically~*~*~ (stealth).
  3413 | D:5      | Reached skill level 1 in Dodging
  3413 | D:5      | Reached XP level 8. HP: 78/78 MP: 8/8
  3414 | D:5      | 3414 ||| Stepping ~*~*~tactically~*~*~ (stealth).
  3484 | D:5      | Noticed Grinder
  3492 | D:5      | 3492 ||| Stepping ~*~*~tactically~*~*~ (hiding).
  3500 | D:5      | 3500 ||| INVOKING Fiery Armour.
  3513 | D:5      | 3513 ||| Stepping ~*~*~tactically~*~*~ (hiding).
  3514 | D:5      | 3514 ||| Stepping ~*~*~tactically~*~*~ (hiding).
  3516 | D:5      | Paralysed by Grinder for 4 turns
  3525 | D:5      | Killed Grinder
  3548 | D:5      | 3548 ||| Stepping ~*~*~tactically~*~*~ (hiding).
  3556 | D:5      | 3556 ||| Stepping ~*~*~tactically~*~*~ (hiding).
  3635 | D:5      | Found an ornate altar of the Wu Jian Council.
  3644 | D:5      | 3644 ||| READING 3 scrolls of identify.
  3644 | D:5      | 3644 ||| IDENTIFYING purple potion
  3661 | D:5      | Reached skill level 10 in Unarmed Combat
  3679 | D:5      | 3679 ||| Stepping ~*~*~tactically~*~*~ (hiding).
  3688 | D:5      | 3688 ||| INVOKING Fiery Armour.
  4012 | D:5      | Identified the +2 hand axe of the Skies Above {vamp, Contam
                  | +Blink rElec rC+}
  4228 | D:5      | 4228 ||| UPGRADING to +0 steam dragon scales.
  4238 | D:5      | 4238 ||| DROPPING +0 robe.
  4239 | D:5      | 4239 ||| UPGRADING to +4 ring of protection.
  4240 | D:5      | 4240 ||| READING scroll labelled WAUFUUWN ESANI.
  4241 | D:5      | 4241 ||| READING 3 scrolls of identify.
  4241 | D:5      | 4241 ||| IDENTIFYING dark potion
  4242 | D:5      | 4242 ||| DROPPING potion of degeneration.
  4285 | D:6      | 4285 ||| INVOKING Fiery Armour.
  4286 | D:6      | 4286 ||| STAIRDANCE
  4291 | D:5      | Reached skill level 1 in Armour
  4295 | D:6      | 4295 ||| STAIRDANCE
  4297 | D:5      | 4297 ||| Stepping ~*~*~tactically~*~*~ (outnumbered).
  4298 | D:5      | 4298 ||| Stepping ~*~*~tactically~*~*~ (outnumbered).
  4340 | D:6      | Identified the +0 scale mail of Thoughtfulness {Rampage}
  4414 | D:6      | 4414 ||| Stepping ~*~*~tactically~*~*~ (stealth).
  4427 | D:6      | 4427 ||| Stepping ~*~*~tactically~*~*~ (stealth).
  4428 | D:6      | 4428 ||| Stepping ~*~*~tactically~*~*~ (stealth).
  4594 | D:6      | Reached skill level 1 in Throwing
  4991 | D:6      | 4991 ||| DROPPING scarf of invisibility.
  4992 | D:6      | 4992 ||| READING scroll labelled TOUFRE KEF.
  4993 | D:6      | 4993 ||| READING scroll labelled AGESKYD YKHLI.
  4994 | D:6      | 4994 ||| READING 2 scrolls of identify.
  4994 | D:6      | 4994 ||| IDENTIFYING brown potion
  5029 | D:7      | Reached XP level 9. HP: 77/84 MP: 9/9
  5082 | D:7      | 5082 ||| Stepping ~*~*~tactically~*~*~ (hiding).
  5087 | D:7      | Reached skill level 11 in Unarmed Combat
  5113 | D:7      | 5113 ||| Stepping ~*~*~tactically~*~*~ (hiding).
  5220 | D:7      | 5220 ||| Stepping ~*~*~tactically~*~*~ (stealth).
  5222 | D:7      | 5222 ||| Stepping ~*~*~tactically~*~*~ (hiding).
  5224 | D:7      | 5224 ||| Stepping ~*~*~tactically~*~*~ (hiding).
  5226 | D:7      | 5226 ||| Stepping ~*~*~tactically~*~*~ (hiding).
  5228 | D:7      | 5228 ||| Stepping ~*~*~tactically~*~*~ (outnumbered).
  5231 | D:7      | 5231 ||| Stepping ~*~*~tactically~*~*~ (outnumbered).
  5235 | D:7      | 5235 ||| Stepping ~*~*~tactically~*~*~ (outnumbered).
  5246 | D:7      | 5246 ||| Stepping ~*~*~tactically~*~*~ (hiding).
  5250 | D:7      | 5250 ||| Stepping ~*~*~tactically~*~*~ (hiding).
  5372 | D:7      | 5372 ||| Stepping ~*~*~tactically~*~*~ (stealth).
  5421 | D:7      | Found a staircase to the Ecumenical Temple.
  5494 | D:7      | Reached skill level 12 in Unarmed Combat
  5530 | D:7      | Found a radiant altar of Vehumet.
  6045 | D:8      | 6045 ||| Stepping ~*~*~tactically~*~*~ (outnumbered).
  6046 | D:8      | 6046 ||| Stepping ~*~*~tactically~*~*~ (outnumbered).
  6047 | D:8      | 6047 ||| Stepping ~*~*~tactically~*~*~ (outnumbered).
  6048 | D:8      | 6048 ||| Stepping ~*~*~tactically~*~*~ (outnumbered).
  6049 | D:8      | 6049 ||| Stepping ~*~*~tactically~*~*~ (outnumbered).
  6050 | D:8      | 6050 ||| Stepping ~*~*~tactically~*~*~ (outnumbered).
  6051 | D:8      | 6051 ||| Stepping ~*~*~tactically~*~*~ (outnumbered).
  6052 | D:8      | 6052 ||| Stepping ~*~*~tactically~*~*~ (outnumbered).
  6053 | D:8      | 6053 ||| Stepping ~*~*~tactically~*~*~ (outnumbered).
  6054 | D:8      | 6054 ||| Stepping ~*~*~tactically~*~*~ (outnumbered).
  6055 | D:8      | 6055 ||| Stepping ~*~*~tactically~*~*~ (outnumbered).
  6058 | D:8      | 6058 ||| INVOKING Fiery Armour.
  6059 | D:8      | HP: 17/87 [orc warrior/+0 halberd (15)]
  6155 | D:8      | Noticed Maggie
  6156 | D:8      | 6156 ||| Stepping ~*~*~tactically~*~*~ (stealth).
  6158 | D:8      | 6158 ||| Stepping ~*~*~tactically~*~*~ (stealth).
  6160 | D:8      | Found Veyfyomo's Book Boutique.
  6168 | D:8      | 6168 ||| Stepping ~*~*~tactically~*~*~ (stealth).
  6170 | D:8      | 6170 ||| Stepping ~*~*~tactically~*~*~ (hiding).
  6171 | D:8      | 6171 ||| Stepping ~*~*~tactically~*~*~ (hiding).
  6177 | D:8      | 6177 ||| Stepping ~*~*~tactically~*~*~ (outnumbered).
  6206 | D:8      | 6206 ||| FLEEEEING.
  6207 | D:8      | 6207 ||| FLEEEEING.
  6214 | D:8      | 6214 ||| Stepping ~*~*~tactically~*~*~ (hiding).
  6218 | D:8      | 6218 ||| Stepping ~*~*~tactically~*~*~ (hiding).
  6224 | D:8      | Killed Maggie
  6254 | D:8      | 6254 ||| Stepping ~*~*~tactically~*~*~ (stealth).
  6257 | D:8      | 6257 ||| INVOKING Fiery Armour.
  6259 | D:8      | 6259 ||| Stepping ~*~*~tactically~*~*~ (outnumbered).
  6260 | D:8      | 6260 ||| Stepping ~*~*~tactically~*~*~ (outnumbered).
  6261 | D:8      | 6261 ||| Stepping ~*~*~tactically~*~*~ (outnumbered).
  6278 | D:8      | Reached skill level 13 in Unarmed Combat
  6360 | D:8      | Reached XP level 10. HP: 91/96 MP: 10/10
  6376 | D:8      | Found Laczygh's Fire Supplies.
  6382 | D:8      | 6382 ||| BUYING ring of protection from fire (300 gold).
  6382 | D:8      | Bought a ring of protection from fire for 300 gold pieces
  6382 | D:8      | 6382 ||| SHOPLISTING ring of protection from fire (300
                  | gold, have 0).
  6553 | D:8      | Noticed Erica
  6554 | D:8      | 6554 ||| INVOKING Fiery Armour.
  6559 | D:8      | Killed Erica
  6888 | D:8      | Found Dappust's Book Boutique.
  6976 | D:8      | 6976 ||| UPGRADING to +0 swamp dragon scales.
  6986 | D:8      | 6986 ||| DROPPING +0 steam dragon scales.
  6987 | D:8      | 6987 ||| UPGRADING to ring of protection from fire.
  6988 | D:8      | 6988 ||| READING 2 scrolls of identify.
  6988 | D:8      | 6988 ||| IDENTIFYING bubbling emerald potion
  6989 | D:8      | 6989 ||| DROPPING potion of invisibility.
  7052 | D:9      | 7052 ||| STAIRDANCE
  7059 | D:9      | 7059 ||| STAIRDANCE
  7088 | D:9      | 7088 ||| STAIRDANCE
  7102 | D:9      | 7102 ||| STAIRDANCE
  7128 | D:9      | 7128 ||| STAIRDANCE
  7146 | D:9      | 7146 ||| STAIRDANCE
  7173 | D:9      | Reached skill level 14 in Unarmed Combat
  7223 | D:9      | Noticed a two-headed ogre
  7231 | D:9      | 7231 ||| INVOKING Fiery Armour.
  7234 | D:9      | HP: 23/96 [two-headed ogre/+0 giant club (4)]
  7235 | D:9      | 7235 ||| DRINKING 5 potions of heal wounds.
  7239 | D:9      | Killed a two-headed ogre
  7240 | D:9      | Reached skill level 3 in Armour
  7313 | D:9      | Found a burning altar of Makhleb.
  7313 | D:9      | Found a sacrificial altar of Ru.
  7347 | D:9      | Noticed a two-headed ogre
  7348 | D:9      | 7348 ||| Stepping ~*~*~tactically~*~*~ (stealth).
  7350 | D:9      | 7350 ||| Stepping ~*~*~tactically~*~*~ (stealth).
  7354 | D:9      | Killed a two-headed ogre
  7355 | D:9      | Reached skill level 6 in Fighting
  7356 | D:9      | 7356 ||| Stepping ~*~*~tactically~*~*~ (hiding).
  7383 | D:9      | 7383 ||| Stepping ~*~*~tactically~*~*~ (stealth).
  7419 | D:9      | 7419 ||| Stepping ~*~*~tactically~*~*~ (stealth).
  7822 | D:9      | 7822 ||| DROPPING ring of protection from cold.
  7823 | D:9      | 7823 ||| UPGRADING to +4 ring of evasion.
  7825 | D:9      | 7825 ||| READING 2 scrolls of identify.
  7825 | D:9      | 7825 ||| IDENTIFYING fuming sapphire potion
  7826 | D:9      | 7826 ||| DROPPING potion of lignification.
  7866 | D:10     | Entered Level 10 of the Dungeon
  7876 | D:10     | 7876 ||| STAIRDANCE
  7992 | D:10     | 7992 ||| DRINKING potion of curing.
  7992 | D:10     | 7992 ||| (to cure confusion)
  8022 | D:10     | Noticed a two-headed ogre
  8030 | D:10     | Killed a two-headed ogre
  8031 | D:10     | Reached XP level 11. HP: 77/105 MP: 11/11
  8148 | D:10     | Reached skill level 15 in Unarmed Combat
  8162 | D:10     | 8162 ||| Stepping ~*~*~tactically~*~*~ (stealth).
  8267 | D:10     | 8267 ||| Stepping ~*~*~tactically~*~*~ (hiding).
  8272 | D:10     | 8272 ||| Stepping ~*~*~tactically~*~*~ (hiding).
  8274 | D:10     | 8274 ||| Stepping ~*~*~tactically~*~*~ (outnumbered).
  8278 | D:10     | 8278 ||| Stepping ~*~*~tactically~*~*~ (hiding).
  8519 | D:11     | 8519 ||| INVOKING Fiery Armour.
  8528 | D:11     | 8528 ||| Stepping ~*~*~tactically~*~*~ (outnumbered).
  8529 | D:11     | 8529 ||| Stepping ~*~*~tactically~*~*~ (outnumbered).
  8530 | D:11     | 8530 ||| Stepping ~*~*~tactically~*~*~ (outnumbered).
  8531 | D:11     | 8531 ||| Stepping ~*~*~tactically~*~*~ (outnumbered).
  8532 | D:11     | 8532 ||| Stepping ~*~*~tactically~*~*~ (outnumbered).
  8533 | D:11     | 8533 ||| Stepping ~*~*~tactically~*~*~ (outnumbered).
  8534 | D:11     | 8534 ||| Stepping ~*~*~tactically~*~*~ (outnumbered).
  8535 | D:11     | 8535 ||| Stepping ~*~*~tactically~*~*~ (outnumbered).
  8536 | D:11     | 8536 ||| Stepping ~*~*~tactically~*~*~ (outnumbered).
  8537 | D:11     | 8537 ||| Stepping ~*~*~tactically~*~*~ (outnumbered).
  8656 | D:11     | 8656 ||| Stepping ~*~*~tactically~*~*~ (stealth).
  8658 | D:11     | 8658 ||| Stepping ~*~*~tactically~*~*~ (hiding).
  8660 | D:11     | 8660 ||| Stepping ~*~*~tactically~*~*~ (hiding).
  8667 | D:11     | 8667 ||| Stepping ~*~*~tactically~*~*~ (outnumbered).
  8669 | D:11     | 8669 ||| Stepping ~*~*~tactically~*~*~ (outnumbered).
  8676 | D:11     | 8676 ||| Stepping ~*~*~tactically~*~*~ (outnumbered).
  8680 | D:11     | 8680 ||| Stepping ~*~*~tactically~*~*~ (outnumbered).
  8681 | D:11     | 8681 ||| Stepping ~*~*~tactically~*~*~ (outnumbered).
  8682 | D:11     | 8682 ||| Stepping ~*~*~tactically~*~*~ (outnumbered).
  8683 | D:11     | 8683 ||| Stepping ~*~*~tactically~*~*~ (outnumbered).
  8689 | D:11     | 8689 ||| Stepping ~*~*~tactically~*~*~ (outnumbered).
  8692 | D:11     | 8692 ||| Stepping ~*~*~tactically~*~*~ (outnumbered).
  8693 | D:11     | 8693 ||| Stepping ~*~*~tactically~*~*~ (outnumbered).
  8717 | D:11     | 8717 ||| Stepping ~*~*~tactically~*~*~ (stealth).
  8874 | D:11     | Found a staircase to the Lair.
  8875 | D:11     | 8875 ||| PLANNING TEMPLE
  8878 | D:11     | 8878 ||| FLEEEEING.
  8879 | D:11     | 8879 ||| FLEEEEING.
  8880 | D:11     | 8880 ||| FLEEEEING.
  8881 | D:11     | 8881 ||| FLEEEEING.
  8882 | D:11     | 8882 ||| FLEEEEING.
  8883 | D:11     | 8883 ||| FLEEEEING.
  8884 | D:11     | 8884 ||| FLEEEEING.
  8885 | D:11     | 8885 ||| FLEEEEING.
  8886 | D:11     | 8886 ||| FLEEEEING.
  8887 | D:11     | 8887 ||| FLEEEEING.
  8888 | D:11     | 8888 ||| FLEEEEING.
  8889 | D:11     | 8889 ||| FLEEEEING.
  8890 | D:11     | 8890 ||| FLEEEEING.
  8891 | D:11     | 8891 ||| FLEEEEING.
  8892 | D:11     | 8892 ||| FLEEEEING.
  8893 | D:11     | 8893 ||| FLEEEEING.
  8894 | D:11     | 8894 ||| FLEEEEING.
  8895 | D:11     | 8895 ||| FLEEEEING.
  8896 | D:11     | 8896 ||| FLEEEEING.
  8897 | D:11     | 8897 ||| FLEEEEING.
  8898 | D:11     | 8898 ||| FLEEEEING.
  8899 | D:11     | 8899 ||| FLEEEEING.
  8900 | D:11     | 8900 ||| FLEEEEING.
  8901 | D:11     | 8901 ||| FLEEEEING.
  8902 | D:11     | 8902 ||| FLEEEEING.
  8903 | D:11     | 8903 ||| FLEEEEING.
  8904 | D:11     | 8904 ||| FLEEEEING.
  8908 | D:11     | Noticed a two-headed ogre
  8915 | D:11     | Reached skill level 3 in Throwing
  8920 | D:11     | Killed a two-headed ogre
  8997 | D:11     | 8997 ||| UPGRADING to amulet of the acrobat.
  9002 | D:11     | 9002 ||| READING 3 scrolls of identify.
  9002 | D:11     | 9002 ||| IDENTIFYING smoky emerald potion
  9003 | D:11     | 9003 ||| DROPPING potion of magic.
  9121 | Temple   | Entered the Ecumenical Temple
  9230 | Temple   | 9230 ||| PLANNING CONVERSION TO OKAWARU
  9234 | Temple   | Fell from the grace of Ignis
  9234 | Temple   | Became a worshipper of Warmaster Okawaru
  9235 | Temple   | 9235 ||| PLANNING LAIR
  9389 | Lair:1   | Entered Level 1 of the Lair of Beasts
  9452 | Lair:1   | Found a broken altar of Ashenzari.
  9479 | Lair:1   | Reached * piety under Okawaru
  9524 | Lair:1   | 9524 ||| INVOKING Heroism.
  9534 | Lair:1   | 9534 ||| INVOKING Heroism.
  9536 | Lair:1   | Reached skill level 1 in Invocations
  9604 | Lair:1   | 9604 ||| INVOKING Heroism.
  9611 | Lair:1   | 9611 ||| Stepping ~*~*~tactically~*~*~ (outnumbered).
  9612 | Lair:1   | 9612 ||| Stepping ~*~*~tactically~*~*~ (outnumbered).
  9784 | Lair:1   | 9784 ||| INVOKING Heroism.
  9879 | Lair:1   | 9879 ||| INVOKING Heroism.
  9951 | Lair:1   | 9951 ||| Stepping ~*~*~tactically~*~*~ (outnumbered).
 10043 | Lair:1   | 10043 ||| Stepping ~*~*~tactically~*~*~ (stealth).
 10048 | Lair:1   | Reached skill level 6 in Throwing
 10539 | Lair:1   | 10539 ||| INVOKING Heroism.
 10785 | Lair:1   | 10785 ||| Stepping ~*~*~tactically~*~*~ (outnumbered).
 10789 | Lair:1   | 10789 ||| INVOKING Heroism.
 10894 | Lair:2   | Reached skill level 3 in Invocations
 10924 | Lair:2   | 10924 ||| INVOKING Heroism.
 10951 | Lair:2   | Reached ** piety under Okawaru
 11021 | Lair:2   | 11021 ||| INVOKING Heroism.
 11036 | Lair:2   | Reached XP level 12. HP: 89/114 MP: 11/13
 11093 | Lair:2   | 11093 ||| INVOKING Heroism.
 11121 | Lair:2   | 11121 ||| INVOKING Heroism.
 11125 | Lair:2   | Reached skill level 16 in Unarmed Combat
 11200 | Lair:2   | Noticed Gastronok
 11201 | Lair:2   | 11201 ||| INVOKING Heroism.
 11214 | Lair:2   | Killed Gastronok
 11214 | Lair:2   | Reached *** piety under Okawaru
 11223 | Lair:2   | Noticed a seven-headed hydra
 11230 | Lair:2   | Killed an eight-headed hydra
 11367 | Lair:2   | Noticed a four-headed hydra
 11368 | Lair:2   | 11368 ||| Stepping ~*~*~tactically~*~*~ (stealth).
 11370 | Lair:2   | 11370 ||| INVOKING Heroism.
 11379 | Lair:2   | Killed a four-headed hydra
 11401 | Lair:2   | 11401 ||| INVOKING Heroism.
 11441 | Lair:2   | 11441 ||| INVOKING Heroism.
 11466 | Lair:2   | Found a staircase to the Shoals.
 11514 | Lair:2   | You fall into a shaft and drop 1 floor!
 11542 | Lair:3   | 11542 ||| UPGRADING to +2 hat of stealth.
 11547 | Lair:3   | 11547 ||| READING 4 scrolls of identify.
 11547 | Lair:3   | 11547 ||| IDENTIFYING orange potion
 11548 | Lair:3   | 11548 ||| DROPPING potion of flight.
 11847 | Lair:3   | 11847 ||| Stepping ~*~*~tactically~*~*~ (hiding).
 11849 | Lair:3   | 11849 ||| Stepping ~*~*~tactically~*~*~ (hiding).
 11852 | Lair:3   | 11852 ||| Stepping ~*~*~tactically~*~*~ (hiding).
 11855 | Lair:3   | 11855 ||| INVOKING Heroism.
 11864 | Lair:3   | 11864 ||| Stepping ~*~*~tactically~*~*~ (outnumbered).
 11865 | Lair:3   | 11865 ||| STAIRDANCE
 11867 | Lair:2   | 11867 ||| Stepping ~*~*~tactically~*~*~ (outnumbered).
 11868 | Lair:2   | 11868 ||| Stepping ~*~*~tactically~*~*~ (outnumbered).
 11869 | Lair:2   | 11869 ||| Stepping ~*~*~tactically~*~*~ (outnumbered).
 11872 | Lair:2   | 11872 ||| Stepping ~*~*~tactically~*~*~ (outnumbered).
 11873 | Lair:2   | 11873 ||| Stepping ~*~*~tactically~*~*~ (outnumbered).
 11875 | Lair:2   | Reached **** piety under Okawaru
 11883 | Lair:3   | 11883 ||| STAIRDANCE
 11904 | Lair:3   | 11904 ||| STAIRDANCE
 11923 | Lair:3   | 11923 ||| INVOKING Heroism.
 11924 | Lair:3   | 11924 ||| STAIRDANCE
 11926 | Lair:2   | 11926 ||| Stepping ~*~*~tactically~*~*~ (outnumbered).
 11928 | Lair:2   | 11928 ||| Stepping ~*~*~tactically~*~*~ (outnumbered).
 11931 | Lair:2   | Reached skill level 17 in Unarmed Combat
 11938 | Lair:2   | 11938 ||| INVOKING Heroism.
 11941 | Lair:2   | HP: 29/118 [fire elemental[the fiery vengeance of Ignis]
                  | (11)]
 11942 | Lair:2   | 11942 ||| DRINKING 4 potions of heal wounds.
 11944 | Lair:2   | 11944 ||| DRINKING 3 potions of heal wounds.
 11945 | Lair:2   | 11945 ||| DRINKING 2 potions of heal wounds.
 11948 | Lair:2   | HP: 27/118 [fire elemental[the fiery vengeance of Ignis]
                  | (8)]
 11949 | Lair:2   | 11949 ||| DRINKING potion of heal wounds.
 11952 | Lair:2   | HP: 8/118 [fire elemental[the fiery vengeance of Ignis]
                  | (7)]
 11952 | Lair:2   | HP: 2/118 [fire elemental[the fiery vengeance of Ignis]
                  | (5)]
 11952 | Lair:2   | Slain by a fire elemental

Levels and vault maps discovered:
D:1:      ebering_trefoil_3fold, layout_loops_ring,
          shapermc_ecumenical_altar_acropolis, st_stairs_5
D:2:      layout_loops_ring
D:3:      layout_basic, uniq_natasha, uniq_jessica
D:4:      layout_loops_ring, uniq_menkaure, uniq_crazy_yiuf_cottage
D:5:      nicolae_BIG_FREAKIN_CUBE, layout_basic, lemuel_doored_altar,
          st_stairs_9, uniq_grinder
D:6:      layout_basic
D:7:      layout_basic, mainiacjoe_overflow_six_doors_small,
          minmay_temple_entry_proselytizer
D:8:      layout_basic, serial_shops, nicolae_shop_statue_plus,
          supply_closet_lemuel, nicolae_inconvenience_store,
          nicolae_shop_fire_sale [nicolae_sub_dead_trees], uniq_maggie,
          uniq_erica
D:9:      layout_small_grid, gammafunk_temple_overflow_elements,
          minmay_misc_feat_tower
D:10:     layout_cave_pools
D:11:     layout_big_octagon, lair_entry_dummy, hiddenorc1_lemuel, serial_shops,
          kennysheep_mini
Temple:   mainiacjoe_temple_bowtie_tessellation
Lair:1:   layout_layer_cave, basic_altar
Lair:2:   layout_regular_city, shoals_dummy_entry, dreamdust_mushroom_princess,
          grunt_megastairs_1, uniq_gastronok
Lair:3:   layout_concentric_octagons, guppyfry_snake_entry_island, uniq_rupert,
          uniq_snorg

Skill      XL: |  1  2  3  4  5  6  7  8  9 10 11 12 |
---------------+-------------------------------------+-----
Unarmed Combat | 4 5 7 8 9 10 13 14 15 17 | 17.0
Fighting       | 3 4 5 6 7 |  7.2
Dodging        | 1 |  1.9
Armour         | 1 2 3 |  3.9
Throwing       | 1 6 |  6.0
Invocations    | 3 5 |  5.0
Spellcasting   | |  1.0
Fire Magic     | |  2.1

Action                   |  1- 3 |  4- 6 |  7- 9 | 10-12 || total
-------------------------+-------+-------+-------+-------++-------
Melee: Unarmed           |   108 |    93 |   236 |   424 ||   861
       Punch             |     1 |     2 |    11 |    25 ||    39
Throw: Boomerang         |       |       |    23 |    80 ||   103
       Large rock        |       |       |       |    22 ||    22
Invok: Fiery Armour      |     1 |     3 |     6 |     3 ||    13
       Heroism           |       |       |       |    18 ||    18
  Use: Scroll            |     8 |     4 |     8 |     4 ||    24
       Potion            |       |     2 |       |     6 ||     8
Armor: Robe              |    27 |    27 |    15 |       ||    69
       Steam dragon scal |       |       |    74 |     2 ||    76
       Swamp dragon scal |       |       |       |   276 ||   276
Dodge: Dodged            |    39 |    33 |    96 |   281 ||   449

Table legend:
 A = Non-vault XP
 B = Vault XP
 C = Vault XP percentage of total XP
 D = Non-vault monster count
 E = Vault monster count
 F = Vault count percentage of total count
                 A         B        C        D         E       F
            +---------+---------+-------+---------+---------+-------
      Total |   26737 |    5628 |  17.4 |     270 |      42 |  13.5
            +---------+---------+-------+---------+---------+-------
        D:1 |      43 |       3 |   6.5 |      26 |       2 |   7.1
        D:2 |      44 |       0 |   0.0 |      10 |       0 |   0.0
        D:3 |     379 |      73 |  16.2 |      30 |       2 |   6.2
        D:4 |     451 |     209 |  31.7 |      12 |       2 |  14.3
        D:5 |     844 |     453 |  34.9 |      18 |       2 |  10.0
        D:6 |     238 |       0 |   0.0 |      16 |       0 |   0.0
        D:7 |    1307 |      44 |   3.3 |      24 |       1 |   4.0
        D:8 |    2019 |    1275 |  38.7 |      32 |       2 |   5.9
        D:9 |    2830 |       0 |   0.0 |      21 |       0 |   0.0
       D:10 |    2477 |       0 |   0.0 |      17 |       0 |   0.0
       D:11 |    2794 |     211 |   7.0 |      16 |      17 |  51.5
     Lair:1 |    4243 |       0 |   0.0 |      22 |       0 |   0.0
     Lair:2 |    8514 |    3028 |  26.2 |      24 |      12 |  33.3
     Lair:3 |     554 |     332 |  37.5 |       2 |       2 |  50.0
            +---------+---------+-------+---------+---------+-------
